 Dungeon Crawl Stone Soup version 0.24.0-125-gc4c63601f3 (webtiles) character file.

Game seed: 1092027370652745358, levelgen mode: deterministic

157149 LordColdy the Warrior (level 17, -3/249 HPs)
             Began as a Minotaur Berserker on Feb 23, 2020.
             Was the Champion of Trog.
             Succumbed to a green death's poison arrow
             ... on level 4 of the Swamp on Feb 24, 2020.
             The game lasted 02:00:20 (32286 turns).

LordColdy the Warrior (Minotaur Berserker)         Turns: 32286, Time: 02:00:20

Health: -3/249     AC: 28    Str: 31    XL:     17   Next: 11%
Magic:  4/16       EV: 16    Int: 10    God:    Trog [******]
Gold:   572        SH: 16    Dex: 19    Spells: 16/16 levels left

rFire    + . .     SeeInvis +   M - +3 morningstar "Gapeibao" {flame, Str-2 Int+6 Dex+4}
rCold    + . .     Gourm    +   z - +2 shield of Resistance {rF+ rC+ MR+}
rNeg     . . .     Faith    .   I - +5 plate armour
rPois    .         Spirit   +   V - +1 hat {SInv}
rElec    .         Reflect  .   J - scarf {Spirit}
rCorr    .         Harm     .   t - +3 pair of gauntlets of War {Slay+5}
MR       ++...                  (no boots)
Stlth    ..........             x - amulet of the gourmand
HPRegen  0.51/turn              b - +2 ring of strength
MPRegen  0.15/turn              r - +2 ring of dexterity

@: berserking (expiring), lethally poisoned (-3 -> -48), studying Bows, slow
A: retaliatory headbutt, horns 2
a: Berserk, Trog's Hand, Brothers in Arms, Renounce Religion


You were on level 4 of the Swamp.
You worshipped Trog.
Trog was exalted by your worship.
You were not hungry.

You visited 5 branches of the dungeon, and saw 28 of its levels.
You also visited: Gauntlet.

You collected 2234 gold pieces.
You spent 1662 gold pieces at shops.

Inventory:

Hand Weapons
 A - the +9 shortbow of Dissatisfaction {flame, rPois rN++ Str-5, unknown}
   (Trog gifted it to you on level 4 of the Swamp)

   It causes projectiles fired from it to burn those they strike, causing extra
   injury to most foes and up to half again as much damage against particularly
   susceptible opponents.
   It affects your strength (-5).
   It protects you from poison.
   It greatly protects you from negative energy.
 H - the +7 rapier "Awnan" {antimagic, MP+9 Str+2 SInv}
   (You found it on level 7 of the Dungeon)

   It reduces the magical energy of the wielder, and disrupts the spells and
   magical abilities of those hit.
   Natural abilities and divine invocations are not affected.
   It affects your strength (+2).
   It affects your magic capacity (+9).
   It lets you see invisible.
 M - the +3 morningstar "Gapeibao" (weapon) {flame, Str-2 Int+6 Dex+4}
   (Trog gifted it to you on level 2 of the Orcish Mines)

   It has been specially enchanted to burn those struck by it, causing extra
   injury to most foes and up to half again as much damage against particularly
   susceptible opponents.
   It affects your strength (-2).
   It affects your intelligence (+6).
   It affects your dexterity (+4).
Missiles
 e - 23 javelins (quivered)
 Z - 15 atropa-tipped darts
Armour
 t - the +3 pair of gauntlets of War (worn) {Slay+5}
   (You found it on level 6 of the Lair of Beasts)

   It affects your accuracy and damage with ranged weapons and melee attacks
   (+5).
 z - the +2 shield of Resistance (worn) {rF+ rC+ MR+}
   (You bought it in a shop on level 2 of the Orcish Mines)

   It protects you from fire.
   It protects you from cold.
   It affects your resistance to hostile enchantments.
 I - a +5 plate armour (worn)
 J - a scarf of spirit shield (worn)
 V - a +1 hat of see invisible (worn)
Jewellery
 b - a +2 ring of strength (left hand)
 r - a +2 ring of dexterity (right hand)
 s - an uncursed amulet of regeneration
 x - an amulet of the gourmand (around neck)
 G - an uncursed ring of flight
 K - an uncursed ring of positive energy
 S - an uncursed ring of protection from magic
 T - an uncursed ring of fire
Wands
 k - a wand of disintegration (5)
 q - a wand of iceblast (29)
 y - a wand of enslavement (19)
 D - a wand of acid (5)
 P - a wand of flame (43)
 Q - a wand of paralysis (8)
 R - a wand of polymorph (11)
 U - a wand of digging (5)
Scrolls
 a - a scroll of fear
 f - 11 scrolls of teleportation
 h - 12 scrolls of remove curse
 l - 11 scrolls of amnesia
 m - 18 scrolls of identify
 n - a scroll of enchant weapon
 w - 3 scrolls of enchant armour
 B - 2 scrolls of magic mapping
 C - 2 scrolls of blinking
Potions
 d - a potion of heal wounds
 g - 7 potions of degeneration
 i - 2 potions of might {unknown}
 j - 5 potions of agility
 o - 6 potions of curing
 p - 6 potions of haste
 u - 3 potions of lignification {unknown}
 N - 3 potions of mutation {unknown}
 X - a potion of resistance {unknown}
Books
 v - a manual of Bows
Comestibles
 c - 46 rations


   Skills:
 * Level 18.3 Fighting
 - Level 1.6(2.1) Short Blades
   Level 2.1(2.4) Long Blades
 - Level 16.0 Maces & Flails
 - Level 6.6 Throwing
 + Level 17.2 Armour
 + Level 11.3 Dodging
 + Level 12.3 Shields


You had 16 spell levels left.
You didn't know any spells.
Your spell library was empty.

Dungeon Overview and Level Annotations

Branches:
Dungeon (15/15)            Temple (0/1) D:7            Lair (6/6) D:9
  Swamp (4/4) Lair:4       Spider (1/4) Lair:2          Orc (2/2) D:9
    Elf (0/3) Orc:2        Vaults (0/5) D:14        Gauntlet (visited)
  Slime: Lair:5-6    Depths: D:15

Altars:
Dithmenos
Hepliaklqana
Nemelex Xobeh
Okawaru
Beogh

Shops:
D:7 *   D:12 %(?:   Orc:2 :*[(

Annotations:
Lair:1 exclusion: oklob plant
Lair:5 exclusion: oklob plant
Swamp:4 3 runed translucent doors, Zoigrime's ghost, adept FoFi


Innate Abilities, Weirdness & Mutations

You reflexively headbutt those who attack you in melee.
You have a pair of horns on your head.


Message History

You bludgeon the small abomination!! You burn the small abomination!
You destroy the small abomination!
Trog accepts your kill.
* * * LOW HITPOINT WARNING * * *
You feel sick.
You barely miss the five-headed hydra. You headbutt the five-headed hydra!!
The five-headed hydra is moderately wounded.
* * * LOW HITPOINT WARNING * * *
You feel sick.
The five-headed hydra closely misses you.
You block the five-headed hydra's attack.
The five-headed hydra misses you. The five-headed hydra bites you.
* * * LOW HITPOINT WARNING * * *
You block the five-headed hydra's attack.
Your unstable footing causes you to fumble your attack.
* * * LOW HITPOINT WARNING * * *
You feel very sick.
You are too berserk!
Okay, then.
You die...

#≈#≈≈ .# ♣♣ ..
#≈♣≈≈# . ≈.♣
#.##§≈#≈≈#. #≈.♣
#.≈≈≈..§≈##≈.≈#
≈≈≈≈≈≈#≈°≈≈§≈≈≈#
#≈♣..≈#♣D#≈#..♣
≈#.#≈.≈.≈D#≈#≈#§♣
≈§.≈≈≈..†≈≈≈§≈.≈#
#≈#.≈≈#≈≈@##§≈≈#
#...#≈#.≈.#.#≈≈.♣
≈.≈.≈.≈#≈#..#≈≈≈♣
#...#≈#≈≈.#.#≈≈.#
.#≈#≈≈≈#≈≈###≈.≈#
≈≈.≈≈≈..≈≈≈≈≈≈.§♣
≈#.#§.≈.###≈#≈#.♣
≈#.#..###≈≈≈♣..#
≈≈≈≈≈##.≈≈≈≈≈≈.#


You could see a five-headed hydra.

Vanquished Creatures
  Gastronok (Lair:3)
  A thorn hunter (Swamp:2)
  An orc warlord (Orc:1)
  2 very ugly things (Swamp:4)
  A green death (Swamp:4)
  A fire dragon (Lair:6)
  11 hydras
  A ghost crab (Swamp:4)
  4 shambling mangroves (Swamp:4)
  A death knight (D:13)
  4 two-headed ogres
  3 centaur warriors
  4 death yaks (Lair:4)
  5 alligators
  4 orc high priests
  Nergalle (Lair:3)
  A thrashing horror (Swamp:4)
  A fire crab (Lair:6)
  Urug (D:15)
  21 slime creatures
  6 skeletal warriors
  4 unseen horrors
  A spriggan druid (Swamp:3)
  A wizard (D:14)
  3 swamp dragons
  3 orc knights (Orc:1)
  5 orc sorcerers
  5 ugly things
  2 manticores
  A wolf spider (D:12)
  A deep elf mage (D:14)
  3 cyclopes
  6 black mambas
  9 elephants
  2 orange demons (Swamp:4)
  13 spiny frogs
  2 large abominations (Swamp:4)
  2 torpor snails
  A spiny frog (shapeshifter) (D:13)
  5 rime drakes
  26 komodo dragons
  An efreet (D:14)
  A tengu conjurer (D:14)
  A kobold demonologist (D:11)
  A jumping spider (Spider:1)
  13 polar bears
  4 trolls
  10 hornets
  3 tyrant leeches
  Prince Ribbit (D:7)
  5 raiju (Lair:6)
  13 hippogriffs
  6 bog bodies (Swamp:4)
  7 blink frogs
  2 dream sheep (D:10)
  2 shadows
  3 wraiths
  A redback (Lair:2)
  5 spriggans
  2 wyverns
  16 humans
  7 basilisks
  57 yaks
  3 hungry ghosts
  4 steam dragons (Lair:6)
  7 vampire mosquitoes
  3 swamp worms
  9 wargs
  2 acid dragons
  21 porcupines
  12 hell hounds (Lair:6)
  9 water moccasins
  Duvessa (D:5)
  27 orc warriors
  4 ice beasts
  A hornet zombie (D:6)
  3 phantoms
  3 sky beasts
  17 black bears
  An eye of draining (D:13)
  18 ogres
  7 centaurs
  17 wolves
  15 crocodiles
  5 big kobolds
  23 bullfrogs
  Dowan (D:5)
  A water moccasin skeleton (D:9)
  5 scorpions
  11 killer bees
  A small abomination (Swamp:4)
  3 wights (D:14)
  6 howler monkeys
  An electric eel (Orc:2)
  10 crimson imps
  2 bullfrog zombies
  4 centaur zombies
  9 hounds
  26 orc priests
  A gnoll shaman (D:9)
  3 jellies
  2 bullfrog skeletons
  4 centaur skeletons
  11 iguanas
  Natasha (twice) (D:3)
  38 orc wizards
  Ijyb (D:3)
  9 worker ants
  A killer bee zombie (D:10)
  A hound skeleton (D:4)
  A mummy (D:5)
  Robin (D:3)
  9 adders
  6 shadow imps
  4 oozes
  2 adder skeletons
  2 adder zombies
  A worm (D:3)
  4 dart slugs
  4 leopard geckos
  118 orcs
  11 bats
  9 giant cockroaches
  12 goblins
  15 hobgoblins
  21 jackals
  21 kobolds
  2 quokkas
  2 ball pythons
  8 frilled lizards
  2 hobgoblin zombies (D:5)
  A leopard gecko skeleton (D:4)
  14 rats
  2 butterflies (Lair:5)
968 creatures vanquished.

Vanquished Creatures (collateral kills)
  An orc warlord (Orc:1)
  A ghost crab (Swamp:3)
  An orc knight (Orc:1)
  A tyrant leech (Swamp:3)
  A warg (Orc:1)
  An orc warrior (Orc:1)
  An orc wizard (Orc:1)
  2 orcs (Orc:1)
9 creatures vanquished.

Vanquished Creatures (others)
  A hydra (Swamp:3)
  A hornet (Swamp:4)
  A spriggan (Swamp:4)
  A swamp worm (Swamp:3)
  An iguana (Lair:6)
  40 fungi
  27 plants
72 creatures vanquished.

Grand Total: 1049 creatures vanquished

Notes
Turn   | Place    | Note
-------+----------+-------------------------------------------
     0 | D:1      | LordColdy the Minotaur Berserker began the quest for the
                  | Orb.
     0 | D:1      | Reached XP level 1. HP: 19/19 MP: 0/0
    41 | D:1      | Reached XP level 2. HP: 18/26 MP: 1/1
   443 | D:1      | Reached ** piety under Trog
   529 | D:1      | Reached skill level 5 in Maces & Flails
   574 | D:1      | Reached XP level 3. HP: 31/31 MP: 2/2
  1435 | D:2      | Reached *** piety under Trog
  1435 | D:2      | Reached XP level 4. HP: 39/39 MP: 3/3
  1764 | D:3      | Noticed Natasha
  1781 | D:3      | Killed Natasha
  1850 | D:3      | Reached XP level 5. HP: 35/45 MP: 4/4
  1871 | D:3      | Noticed Ijyb
  1890 | D:3      | Killed Ijyb
  1899 | D:3      | Reached **** piety under Trog
  2053 | D:3      | Noticed Robin
  2061 | D:3      | Killed Robin
  2123 | D:3      | Noticed Natasha
  2130 | D:3      | Killed Natasha
  2419 | D:3      | Reached XP level 6. HP: 51/51 MP: 5/5
  2431 | D:3      | Received a gift from Trog
  3062 | D:4      | Found a shadowy altar of Dithmenos.
  3148 | D:4      | Reached XP level 7. HP: 42/57 MP: 6/6
  3439 | D:4      | Received a gift from Trog
  3455 | D:4      | Got an iridescent dagger
  3456 | D:4      | Identified the +10 dagger of the Blessed Realm {flame,
                  | rElec Int+2} (You found it on level 4 of the Dungeon)
  3515 | D:5      | Entered Level 5 of the Dungeon
  3529 | D:5      | Reached skill level 10 in Maces & Flails
  3905 | D:5      | Reached ***** piety under Trog
  3909 | D:5      | Found a sparkling altar of Nemelex Xobeh.
  3911 | D:5      | Reached XP level 8. HP: 55/64 MP: 7/7
  3941 | D:5      | Reached skill level 1 in Short Blades
  4117 | D:5      | Noticed Duvessa
  4117 | D:5      | Noticed Dowan
  4133 | D:5      | Killed Duvessa
  4149 | D:5      | Killed Dowan
  4208 | D:5      | Found a sand-covered staircase.
  4260 | D:5      | Reached skill level 4 in Fighting
  4455 | D:5      | Reached skill level 5 in Fighting
  4455 | D:5      | Reached skill level 5 in Armour
  4724 | D:6      | Reached XP level 9. HP: 61/74 MP: 8/8
  4803 | D:6      | Reached skill level 6 in Fighting
  5437 | D:6      | Reached skill level 7 in Fighting
  5460 | D:6      | Received a gift from Trog
  6059 | D:7      | Noticed Prince Ribbit
  6063 | D:7      | Reached skill level 10 in Armour
  6214 | D:7      | Reached skill level 8 in Fighting
  6214 | D:7      | Reached XP level 10. HP: 88/88 MP: 9/9
  6227 | D:7      | Got an ancient rapier
  6239 | D:7      | Identified the +7 rapier "Awnan" {antimagic, MP+9 Str+2
                  | SInv} (You found it on level 7 of the Dungeon)
  6355 | D:7      | Found a staircase to the Ecumenical Temple.
  6369 | D:7      | Found Vahu's Assorted Antiques.
  6380 | D:7      | Bought an embroidered scarf for 224 gold pieces
  6511 | D:7      | Killed Prince Ribbit
  7142 | D:8      | Found an iron altar of Okawaru.
  8118 | D:9      | Found a roughly hewn altar of Beogh.
  8413 | D:9      | Found a staircase to the Orcish Mines.
  8474 | D:9      | Received a gift from Trog
  8476 | D:9      | Reached skill level 9 in Fighting
  8522 | D:9      | Found a staircase to the Lair.
  9209 | Orc:1    | Entered Level 1 of the Orcish Mines
  9869 | Orc:2    | Entered Level 2 of the Orcish Mines
  9869 | Orc:2    | Noticed an orc warlord
  9869 | Orc:2    | Noticed an orc sorcerer
  9874 | Orc:1    | Reached skill level 10 in Fighting
  9881 | Orc:1    | Killed an orc sorcerer
  9881 | Orc:1    | Reached XP level 11. HP: 99/99 MP: 7/10
  9889 | Orc:1    | Killed an orc warlord
 10130 | Orc:2    | Found a staircase to the Elven Halls.
 10195 | Orc:2    | Noticed an orc sorcerer
 10206 | Orc:2    | Killed an orc sorcerer
 10839 | Orc:2    | Received a gift from Trog
 10840 | Orc:2    | Got an ancient morningstar {god gift}
 10882 | Orc:2    | Identified the +3 morningstar "Gapeibao" {flame, Str-2
                  | Int+6 Dex+4} (Trog gifted it to you on level 2 of the
                  | Orcish Mines)
 11723 | Orc:2    | Noticed an orc high priest
 11724 | Orc:2    | Noticed an orc sorcerer
 11725 | Orc:2    | Noticed an orc warlord
 11726 | Orc:2    | Noticed an orc knight
 11729 | Orc:2    | Noticed an orc sorcerer
 11825 | Orc:1    | Killed an orc knight
 11839 | Orc:1    | Killed an orc warlord
 11845 | Orc:1    | Noticed an orc knight
 11847 | Orc:1    | Killed an orc knight
 11977 | Orc:2    | Killed an orc sorcerer
 11984 | Orc:2    | Noticed an orc high priest
 11984 | Orc:2    | Noticed an orc sorcerer
 11988 | Orc:2    | Noticed an orc knight
 11989 | Orc:2    | Killed an orc high priest
 12418 | Orc:1    | Killed an orc knight
 12972 | Orc:1    | Killed an orc sorcerer
 12972 | Orc:1    | Reached skill level 15 in Maces & Flails
 12997 | Orc:2    | Noticed an orc knight
 13003 | Orc:2    | Received a gift from Trog
 13013 | Orc:1    | Killed an orc knight
 13013 | Orc:1    | Reached XP level 12. HP: 95/108 MP: 8/11
 13273 | Orc:2    | Killed an orc high priest
 13278 | Orc:2    | Noticed an orc high priest
 13625 | Orc:1    | Killed an orc high priest
 14048 | Orc:2    | Reached skill level 11 in Fighting
 14315 | Orc:2    | Noticed an orc high priest
 14324 | Orc:2    | Killed an orc high priest
 14324 | Orc:2    | Reached skill level 5 in Dodging
 14325 | Orc:2    | Found Muqasouw's General Store.
 14328 | Orc:2    | Found Jubae's Book Shoppe.
 14332 | Orc:2    | Found Ovadduf's Antique Armour Shoppe.
 14332 | Orc:2    | Found Keaso's Antique Weapon Emporium.
 14575 | Lair:1   | Entered Level 1 of the Lair of Beasts
 14780 | Lair:1   | Noticed a four-headed hydra
 14790 | Lair:1   | Killed a four-headed hydra
 14800 | Lair:1   | Reached skill level 12 in Fighting
 15073 | Lair:1   | Noticed an eight-headed hydra
 15078 | Lair:1   | Killed an eight-headed hydra
 15302 | Lair:1   | Reached ****** piety under Trog
 15617 | Lair:2   | Found a hole to the Spider Nest.
 15631 | Spider:1 | Entered Level 1 of the Spider Nest
 15636 | Spider:1 | Received a gift from Trog
 15663 | Lair:2   | Reached skill level 13 in Fighting
 15850 | Lair:2   | Reached XP level 13. HP: 115/122 MP: 9/12
 16230 | Lair:2   | Reached skill level 1 in Throwing
 17160 | Lair:3   | Reached skill level 14 in Fighting
 17387 | Lair:3   | Noticed Gastronok
 17387 | Lair:3   | Noticed Nergalle
 17396 | Lair:3   | Killed Nergalle
 17401 | Lair:3   | Killed Gastronok
 18360 | Lair:4   | Received a gift from Trog
 18659 | Lair:4   | Received a gift from Trog
 18761 | Lair:4   | Found a hazy altar of Hepliaklqana.
 18786 | Lair:4   | Reached skill level 15 in Fighting
 18809 | Lair:4   | Reached XP level 14. HP: 90/135 MP: 7/13
 19591 | Lair:4   | Found a staircase to the Swamp.
 20205 | Lair:5   | Reached skill level 15 in Armour
 20231 | Lair:5   | Found a gate leading to a gauntlet.
 20247 | Gauntlet | Entered a Gauntlet
 20247 | Gauntlet | Found a transporter.
 20247 | Gauntlet | Found a transporter.
 20273 | Gauntlet | Found a transporter.
 20277 | Gauntlet | Found a transporter.
 20287 | Gauntlet | Found a transporter.
 20308 | Gauntlet | Found a transporter.
 20318 | Gauntlet | Found a transporter.
 20326 | Gauntlet | Found a transporter.
 20335 | Gauntlet | Found a transporter.
 20374 | Gauntlet | Found a transporter.
 20388 | Gauntlet | Found a transporter.
 20410 | Gauntlet | Found a transporter.
 20560 | Lair:5   | Received a gift from Trog
 20668 | Lair:5   | Reached skill level 5 in Throwing
 20967 | Lair:6   | Entered Level 6 of the Lair of Beasts
 21352 | Lair:6   | Reached skill level 10 in Dodging
 21783 | Lair:6   | Found the +3 pair of gauntlets of War {Slay+5}
 21983 | Lair:6   | Reached skill level 16 in Fighting
 22079 | Lair:6   | Reached XP level 15. HP: 54/145 MP: 9/14
 22916 | Lair:6   | Received a gift from Trog
 23862 | D:10     | Entered Level 10 of the Dungeon
 24622 | Orc:2    | Bought the +2 shield of Resistance {rF+ rC+ MR+} for 1438
                  | gold pieces
 24622 | Orc:2    | Found the +2 shield of Resistance {rF+ rC+ MR+}
 25413 | D:11     | You fall into a shaft and drop 2 floors!
 25520 | D:12     | Found Ollot's Food Shop.
 25527 | D:12     | Reached skill level 1 in Shields
 25587 | D:12     | Found Istruabb's Book Boutique.
 25603 | D:12     | Reached skill level 17 in Fighting
 25604 | D:12     | You fall into a shaft and drop 3 floors!
 25604 | D:15     | Entered Level 15 of the Dungeon
 25637 | D:14     | Found a gate to the Vaults.
 25640 | D:14     | Noticed Urug
 25649 | D:14     | Reached XP level 16. HP: 155/155 MP: 15/15
 25663 | D:15     | Killed Urug
 25769 | D:14     | Received a gift from Trog
 25841 | D:14     | Reached skill level 5 in Shields
 26233 | D:14     | Received a gift from Trog
 27324 | D:12     | Received a gift from Trog
 27344 | D:12     | Found Mosam's Weapon Shop.
 27446 | D:12     | Found Apozek's Magic Scroll Shop.
 29066 | D:11     | Received a gift from Trog
 29359 | D:15     | Paralysed by a hornet for 3 turns
 29576 | Swamp:1  | Entered Level 1 of the Swamp
 29817 | Swamp:2  | Noticed a thorn hunter
 29825 | Swamp:2  | Killed a thorn hunter
 30236 | Swamp:4  | Entered Level 4 of the Swamp
 30349 | Swamp:3  | Reached skill level 18 in Fighting
 30731 | Swamp:4  | Reached skill level 10 in Shields
 31294 | Swamp:4  | Received a gift from Trog
 31810 | Swamp:4  | Received a gift from Trog
 31811 | Swamp:4  | Got an encrusted shortbow {god gift}
 32048 | Swamp:4  | Found a runed translucent gate.
 32048 | Swamp:4  | Found a runed translucent gate.
 32048 | Swamp:4  | Noticed Zoigrime's ghost (adept FoFi)
 32049 | Swamp:4  | Found a runed translucent gate.
 32164 | Swamp:4  | Reached XP level 17. HP: 144/165 MP: 14/16
 32282 | Swamp:4  | HP: 11/249 [poisoned by a green death (poison arrow)]
 32284 | Swamp:4  | HP: 5/249 [five-headed hydra (3)]
 32285 | Swamp:4  | HP: 2/249 [poisoned by a green death (poison arrow)]
 32286 | Swamp:4  | Succumbed to a green death's poison arrow

Levels and vault maps discovered:
D:1:      wander_arrival_peaceful_grave, layout_loops_ring, minmay_octomino_c4
D:2:      layout_loops_corners
D:3:      layout_basic, gup_sewer_entry_spiral, first_ration, uniq_natasha,
          uniq_ijyb, uniq_robin
D:4:      corexii_shack_village, layout_loops_cross,
          nicolae_dithmenos_the_darkroom, corner_web_ring,
          minmay_manual_mandibuliform
D:5:      layout_rooms, nicolae_ossuary_entry_giza, minmay_ruined_shrine,
          uniq_duvessa
D:6:      layout_loops_ring
D:7:      layout_basic, minmay_temple_entry_statues_fountains, serial_shops,
          nicolae_shop_crystal, uniq_prince_ribbit1
D:8:      layout_basic, basic_altar
D:9:      layout_long_grid, due_lair_maze_entry_diamond, david_orc_2,
          special_room [special_room_orc]
D:10:     layout_loops_ring, hangedman_ranch [blue_anna_fruit_fields]
D:11:     layout_cave_pools
D:12:     layout_basic, serial_shops, shop, shop, shop,
          nicolae_shop_behind_doors
D:13:     layout_irregular_city
D:14:     layout_loops_ring, david_vaults_3, roderic_lattice_octagonal_star
D:15:     gammafunk_depths_entry_grave, layout_long_grid, special_room
          [special_room_orc], chequers_serial_rivers_room_b, drop_trap
Lair:1:   layout_long_grid, minmay_lair_oklob_chamber, grunt_megastairs_5,
          serial_bayou_shore_b
Lair:2:   layout_roguey, spider_nest_entry_rubble, beast_lair_carwin_6
Lair:3:   layout_cave_pods, chequers_serial_rivers_micro_c, st_stairs_10,
          beast_lair_carwin_7, grunt_megastairs_3, uniq_gastronok, uniq_nergalle
Lair:4:   beast_lair_carwin_large_2, layout_gridlike, swamp_mist, basic_altar
Lair:5:   layout_cave_pods, minmay_slime_entry_oklob_enclosed,
          gauntlet_entry_generic, infiniplex_staircase_pool, lemuel_fruit_fields
Lair:6:   hangedman_lair_caniforms_friends, layout_gridlike,
          guppyfry_lair_end_dragon
Swamp:1:  layout_basic_swamp, basic_altar
Swamp:2:  layout_falls_marsh, serial_swamp_ruin, evilmike_swamp_ruin_house_3,
          evilmike_swamp_ruin_house_6, evilmike_swamp_ruin_house_2,
          infiniplex_staircase_pool_2
Swamp:3:  layout_basic_swamp, evilmike_swamp_ruin_wall
Swamp:4:  swamp_vile, layout_basic_swamp, gammafunk_ghost_split
Spider:1: layout_spider_delve, drop_trap, zaba_anthell
Orc:1:    layout_caves, mines_bat_river, uniq_erolcha
Orc:2:    st_orc_congregation, layout_diamond_mine, nooodl_orcs_dogs

Skill      XL: |  1  2  3  4  5  6  7  8  9 10 11 12 13 14 15 16 17 |
---------------+----------------------------------------------------+-----
Maces & Flails | 4 5 7 8 9 11 12 15 16 | 16.0
Short Blades   | 1 |  1.6
Fighting       | 5 8 10 13 15 16 17 18 | 18.3
Armour         | 6 10 12 13 14 15 16 17 | 17.2
Dodging        | 3 4 8 9 10 11 | 11.3
Throwing       | 4 6 |  6.6
Long Blades    | 2 |  2.1
Shields        | 2 11 12 | 12.3

Action                   |  1- 3 |  4- 6 |  7- 9 | 10-12 | 13-15 | 16-18 || total
-------------------------+-------+-------+-------+-------+-------+-------++-------
Melee: Mace              |    93 |   199 |       |       |       |       ||   292
       Headbutt          |    11 |    43 |    48 |   172 |   274 |   167 ||   715
       Unarmed           |       |     9 |       |       |       |       ||     9
       Flail             |       |     3 |    17 |   194 |       |       ||   214
       Dagger            |       |       |   254 |     4 |       |       ||   258
       Rapier            |       |       |       |   130 |       |       ||   130
       Morningstar       |       |       |       |   303 |   778 |   575 ||  1656
Invok: Berserk           |       |       |     3 |    16 |     7 |     6 ||    32
       Brothers in Arms  |       |       |       |     1 |       |     1 ||     2
  Use: Potion            |       |       |     1 |     1 |     6 |     7 ||    15
       Scroll            |       |       |     2 |       |    10 |     4 ||    16
  Eat: Chunk             |     2 |     6 |    25 |    42 |    37 |    17 ||   129
       Ration            |       |       |       |       |       |     2 ||     2
Armor: Animal skin       |     7 |       |       |       |       |       ||     7
       Chain mail        |    36 |   118 |   120 |       |       |       ||   274
       Plate armour      |       |       |       |   371 |   401 |   349 ||  1121
Dodge: Dodged            |    53 |    96 |   122 |   268 |   514 |   283 ||  1336
Block: Shield            |       |       |       |       |    60 |   489 ||   549
